 Dungeon Crawl Stone Soup version 0.21-a0 (webtiles) character file.

91 Lexie the Firebug (level 4, 0/27 HPs)
             Began as an Octopode Fire Elementalist on May 19, 2017.
             Killed from afar by Lexie's ghost (10 damage)
             ... with a magic dart
             ... on level 3 of the Dungeon.
             The game lasted 00:03:10 (2486 turns).

Lexie the Firebug (Octopode Fire Elementalist)      Turns: 2486, Time: 00:03:11

Health: 0/27       AC:  1    Str:  7    XL:     4   Next: 57%
Magic:  4/8        EV: 13    Int: 18    God:
Gold:   96         SH:  0    Dex: 15    Spells: 3/9 levels left

rFire    . . .     SeeInvis .   j - +0 dagger
rCold    . . .     Gourm    .   (no shield)
rNeg     . . .     Faith    .   (helmet restricted)
rPois    .         Spirit   .   g - amulet of rage
rElec    .         Reflect  .   d - ring of resist corrosion
rCorr    +         Harm     .   e - +3 ring of dexterity
MR       .....                  (no ring)
Stlth    +++.......             (no ring)
Regen    0.1/turn               (no ring)
MPRegen  0.2/turn               (no ring)
                                (no ring)
                                (no ring)

@: very slightly contaminated
A: almost no armour, stealthy swim, amphibious, 8 rings, constrict 8, camouflage
1, gelatinous body 1
a: Evoke Berserk Rage


You were on level 3 of the Dungeon.
You were not hungry.

You visited 1 branch of the dungeon, and saw 3 of its levels.

You collected 96 gold pieces.

Inventory:

Hand Weapons
 j - a +0 dagger (weapon)
Jewellery
 d - a ring of resist corrosion (left tentacle)
 e - a +3 ring of dexterity (right tentacle)
 g - an amulet of rage (around mantle)
Scrolls
 c - a scroll of blinking {unknown}
 i - 2 scrolls of remove curse {unknown}
 l - a scroll of enchant armour {unknown}
 m - a scroll of fog {unknown}
 n - a scroll of identify {unknown}
 r - a scroll of enchant weapon {unknown}
Potions
 f - a potion of brilliance {unknown}
 k - a potion of haste {unknown}
 p - a potion of flight {unknown}
Books
 a - a book of Flames

   Spells                             Type                      Level
   a - Flame Tongue                   Conjuration/Fire             1
   b - Throw Flame                    Conjuration/Fire             2
   c - Conjure Flame                  Conjuration/Fire             3
   d - Inner Flame                    Hexes/Fire                   3
   e - Sticky Flame                   Conjuration/Fire             4
   f - Fireball                       Conjuration/Fire             5
Comestibles
 b - 2 bread rations
 h - a fruit
 o - a meat ration
 q - 8 chunks of flesh


   Skills:
 - Level 2.0 Dodging
 - Level 2.6 Stealth
 + Level 3.0 Spellcasting
 + Level 2.4 Conjurations
 + Level 3.7 Fire Magic


You had 3 spell levels left.
You knew the following spells:

 Your Spells              Type           Power        Failure   Level  Hunger
a - Flame Tongue          Conj/Fire      ##...        4%          1    None
b - Throw Flame           Conj/Fire      ##....       7%          2    ##.....
c - Conjure Flame         Conj/Fire      ##......     14%         3    ###....


Dungeon Overview and Level Annotations

Branches:
Dungeon (3/15)

Altars:

Annotations:
D:3 Lexie's ghost, amateur OpWz


Innate Abilities, Weirdness & Mutations

You cannot wear most types of armour.
You are very stealthy in the water. (Stealth+)
You are amphibious.
You can wear up to eight rings at the same time.
You can use your tentacles to constrict eight enemies at once.
Your skin changes colour to match your surroundings (Stealth+).
Your rubbery body absorbs attacks. (AC +1, EV +1)


Message History

You are momentarily dazzled by a flash of light!
You are engulfed in noxious fumes.
You choke on the stench!
You are confused.
You bump into the rock wall.
You are engulfed in noxious fumes.
You choke on the stench!
You are more confused.
You're too confused to cast spells.
You bump into the rock wall.
You are engulfed in noxious fumes.
You choke on the stench!
You are more confused.
Lexie's ghost casts a spell at you.
The ball explodes into a vile cloud!
The stinking cloud engulfs you!
You bump into the rock wall.
You're too confused to cast spells.
You feel less confused. Lexie's ghost casts a spell at you.
The magic dart hits you! Lexie's ghost casts a spell at you.
The magic dart hits you!
You die...

.............#.####.## #........#
##...#.####.##.##....###.######..
#...#.####.##.##.#..##...# #.#
#...#......##.##.#.......# #.#
#...#########......###...# #..
#...# ####.######### #.# #...#
####.......# #.# #...#
#.......##.###### #..
##...######.....@.##.รท....# #.#
..................##......# #.#
....W.....................# #.#
......)...........##......# #.#
.......####...............# #.#
.......# #....W..######### #..
.......# ##.#.##.# ### ........#
#.#.##.# # ........# ##......#
### #


You could see Lexie's ghost.

Vanquished Creatures
  3 adders (D:2)
  2 dart slugs (D:1)
  2 leopard geckos
  10 bats
  2 giant cockroaches
  5 hobgoblins
  4 jackals (D:3)
  7 frilled lizards
  11 goblins
  6 kobolds
  8 rats
60 creatures vanquished.

Notes
Turn   | Place    | Note
-------+----------+-------------------------------------------
     0 | D:1      | Lexie the Octopode Fire Elementalist began the quest for the Orb.
     0 | D:1      | Reached XP level 1. HP: 11/11 MP: 3/3
     4 | D:1      | Noticed an electric eel
   212 | D:1      | Reached XP level 2. HP: 17/17 MP: 1/5
   717 | D:1      | Reached XP level 3. HP: 21/21 MP: 2/6
  1284 | D:2      | Found a faded altar of an unknown god.
  1288 | D:2      | Reached XP level 4. HP: 27/27 MP: 2/8
  2188 | D:3      | Learned a level 2 spell: Throw Flame
  2192 | D:3      | Learned a level 3 spell: Conjure Flame
  2451 | D:3      | Noticed Lexie's ghost (amateur OpWz)
  2486 | D:3      | Killed from afar by Lexie's ghost

Vault maps used:
D:1:      arrival_aquarium_a, minmay_misc_feat_nine_boxes
D:2:      chequers_ecumenical_altar_island
D:3:      first_bread

Skill      XL: |  1  2  3  4 |
---------------+-------------+-----
Conjurations   | 2 |  2.4
Spellcasting   | 3 |  3.0
Dodging        | |  2.0
Stealth        | |  2.6
Fire Magic     | |  3.7

Action                   |  1- 3 |  4- 6 || total
-------------------------+-------+-------++-------
Melee: Unarmed           |     8 |       ||     8
       Constrict         |     5 |     1 ||     6
       Tentacles         |     2 |     1 ||     3
       Dagger            |     6 |     3 ||     9
 Cast: Flame Tongue      |    42 |    44 ||    86
       Conjure Flame     |       |     1 ||     1
 Stab: Sleeping          |     1 |       ||     1
  Eat: Chunk             |     1 |     4 ||     5
Armor: Skin              |     3 |     2 ||     5
Dodge: Dodged            |    19 |    14 ||    33
